 Dungeon Crawl Stone Soup version 0.25-a0-857-g60a0bcd8b5 (webtiles) character file.

Game seed: 17374158926246110610, levelgen mode: deterministic

170 tilp the Bolt Thrower (level 5, 0/32 HPs)
             Began as a Kobold Arcane Marksman on Apr 26, 2020.
             Slain by a centaur skeleton (7 damage)
             ... on level 4 of the Dungeon.
             The game lasted 00:07:42 (3379 turns).

tilp the Bolt Thrower (Kobold Arcane Marksman)      Turns: 3379, Time: 00:07:42

Health: 0/32       AC:  4    Str:  8    XL:     5   Next: 80%
Magic:  5/6        EV: 15    Int: 15    God:
Gold:   98         SH:  0    Dex: 15    Spells: 3/6 levels left

rFire    + . .     SeeInvis .   b - +0 morningstar
rCold    . . .     Gourm    .   (shield restricted)
rNeg     . . .     Faith    .   l - +1 robe
rPois    .         Spirit   .   (no helmet)
rElec    .         Reflect  .   (no cloak)
rCorr    .         Harm     .   i - +0 pair of gloves
MR       .....                  (no boots)
Stlth    +.........             (no amulet)
HPRegen  0.10/turn              r - ring of protection from fire
MPRegen  0.10/turn              (no ring)

@: no status effects
A: small, carnivore
a: no special abilities


You were on level 4 of the Dungeon.
You were very full.

You visited 1 branch of the dungeon, and saw 6 of its levels.

You collected 98 gold pieces.

Inventory:

Hand Weapons
 a - a +0 hand crossbow
 b - a +0 morningstar (weapon)
 k - a +0 war axe
Missiles
 d - 9 bolts
 e - 6 poisoned darts (quivered)
Armour
 i - a +0 pair of gloves (worn)
 l - a +1 robe (worn)
Jewellery
 n - a cursed amulet of inaccuracy {unknown}
 r - a ring of protection from fire (left hand)
Scrolls
 g - 2 scrolls of identify {unknown}
 p - a scroll of noise {unknown}
 q - 3 scrolls of remove curse
 s - a scroll of fog {unknown}
 t - a scroll of fear {unknown}
Potions
 f - 2 potions of resistance {unknown}
 h - 3 potions of invisibility {unknown}
 j - a potion of lignification {unknown}
 m - a potion of haste {unknown}
 o - 3 potions of curing {unknown}
Comestibles
 c - 7 rations


   Skills:
 + Level 2.8 Fighting
 - Level 6.0 Crossbows
 - Level 2.4 Dodging
 - Level 1.1 Spellcasting
 - Level 3.0 Hexes


You had 3 spell levels left.
You knew the following spells:

 Your Spells              Type           Power        Failure   Level  Hunger
a - Corona                Hex            #......      7%          1    ##.....
b - Slow                  Hex            #.......     11%         2    ###....

Your spell library contained the following spells:

 Spells                   Type           Power        Failure   Level  Hunger
 Inner Flame              Hex/Fire       #.......     36%         3    ####...
 Portal Projectile        Hex/Tloc       #.....       36%         3    ####...
 Cause Fear               Hex            #.........   56%         4    #####..
 Leda's Liquefaction      Hex/Erth       #.........   78%         4    #####..


Dungeon Overview and Level Annotations

Branches:
Dungeon (6/15)
 Temple: D:4-7

Altars:
Cheibriados
Gozag

Annotations:
D:2 1 runed translucent door, Crazy Yiuf


Innate Abilities, Weirdness & Mutations

You are small and have problems with some larger weapons.
You are carnivorous and can eat meat at any time.


Message History

Casting: Corona (safe; 7% risk of failure)
Confirm with . or Enter, or press ? or * to list all spells.
Aiming: Corona (safe; 7% risk of failure)
Press: ? - help, Shift-Dir - straight line, f - centaur skeleton
Aim: a centaur skeleton (chance to defeat MR: 57%)
The centaur skeleton struggles to resist.
The centaur skeleton hits you.
* * * LOW HITPOINT WARNING * * *
You hit the centaur skeleton.
The centaur skeleton is lightly damaged.
The centaur skeleton closely misses you.
The centaur skeleton hits you but does no damage.
You hit the centaur skeleton.
The centaur skeleton is moderately damaged.
The centaur skeleton barely misses you. The centaur skeleton hits you.
* * * LOW HITPOINT WARNING * * *
You thump the centaur skeleton!
The centaur skeleton is heavily damaged.
The centaur skeleton hits you!
You die...

##############
##.....##...@.##
##...........Z..##
#................#
#................#
#.(..............#
#................#
##...............[#
###.................#
....#..............##


You could see a centaur skeleton.

Vanquished Creatures
  2 centaur skeletons
  Jessica (D:2)
  A hound skeleton (D:4)
  3 adders
  2 worms
  2 leopard geckos
  2 orcs (D:3)
  5 giant cockroaches
  4 goblins
  A hobgoblin (D:1)
  3 jackals (D:6)
  3 kobolds
  A ball python (D:2)
  7 bats
  2 frilled lizards (D:1)
  6 rats
45 creatures vanquished.

Notes
Turn   | Place    | Note
-------+----------+-------------------------------------------
     0 | D:1      | tilp the Kobold Arcane Marksman began the quest for the
                  | Orb.
     0 | D:1      | Reached XP level 1. HP: 12/12 MP: 2/2
   142 | D:1      | Reached skill level 3 in Crossbows
   206 | D:1      | Reached XP level 2. HP: 15/16 MP: 0/3
   909 | D:1      | Reached skill level 4 in Crossbows
   909 | D:1      | Reached XP level 3. HP: 20/20 MP: 4/4
  1065 | D:2      | Found an opulent altar of Gozag.
  1410 | D:2      | Noticed Jessica
  1413 | D:2      | Killed Jessica
  1413 | D:2      | Reached skill level 5 in Crossbows
  1413 | D:2      | Reached XP level 4. HP: 25/25 MP: 3/5
  1808 | D:2      | Found a snail-covered altar of Cheibriados.
  1869 | D:2      | Found a runed translucent door.
  1870 | D:2      | Noticed Crazy Yiuf
  2542 | D:3      | You fall into a shaft and drop 3 floors!
  2649 | D:6      | Reached XP level 5. HP: 23/29 MP: 4/6
  2744 | D:6      | Reached skill level 6 in Crossbows
  3007 | D:5      | Entered Level 5 of the Dungeon
  3189 | D:4      | Learned a level 2 spell: Slow
  3256 | D:4      | Noticed a phantom
  3379 | D:4      | Slain by a centaur skeleton

Levels and vault maps discovered:
D:1:      dpeg_arrival_pond, layout_basic, minivault_26, kennysheep_nondescript
D:2:      minmay_general_purpose_star, layout_basic, marbit_many_paths,
          grunt_gozag_statues, uniq_jessica, uniq_crazy_yiuf_cottage
D:3:      layout_basic
D:4:      layout_rooms, lemuel_zombie_altar_yredelemnul, doesnt_xom_only_xom,
          serial_shops, nicolae_shop_temple_entry_statues_fountains
D:5:      layout_gridville, kennysheep_little_box, first_ration
D:6:      layout_cave_pools, minmay_temple_entry_slanted,
          nicolae_lava_and_water, serial_bayou_ford_a

Skill      XL: |  1  2  3  4  5 |
---------------+----------------+-----
Crossbows      | 3 4 5 6 |  6.0
Fighting       | 2 |  2.8
Dodging        | |  2.4
Spellcasting   | |  1.1
Hexes          | |  3.0

Action                   |  1- 3 |  4- 6 || total
-------------------------+-------+-------++-------
Melee: Short sword       |    27 |     5 ||    32
       Morningstar       |       |    33 ||    33
 Fire: Hand crossbow     |    41 |    19 ||    60
 Cast: Corona            |    23 |    15 ||    38
  Use: Scroll            |       |     1 ||     1
  Eat: Chunk             |    10 |     5 ||    15
Armor: Leather armour    |    12 |       ||    12
       Robe              |     2 |    11 ||    13
Dodge: Dodged            |    55 |    50 ||   105

Table legend:
 A = Non-vault XP
 B = Vault XP
 C = Vault XP percentage of total XP
 D = Non-vault monster count
 E = Vault monster count
 F = Vault count percentage of total count
                 A         B        C        D         E       F
            +---------+---------+-------+---------+---------+-------
      Total |     185 |      59 |  24.2 |      40 |       5 |  11.1
            +---------+---------+-------+---------+---------+-------
        D:1 |      32 |       0 |   0.0 |      20 |       0 |   0.0
        D:2 |      19 |      59 |  75.6 |       7 |       5 |  41.7
        D:3 |       9 |       0 |   0.0 |       4 |       0 |   0.0
        D:4 |      62 |       0 |   0.0 |       3 |       0 |   0.0
        D:6 |      63 |       0 |   0.0 |       6 |       0 |   0.0
            +---------+---------+-------+---------+---------+-------
